 Dungeon Crawl Stone Soup version 0.17-a0-1508-ge7f3dc3 (webtiles) character file.

111 urechis the Sneak (level 5, 0/32 HPs)
             Began as a Kobold Berserker on July 10, 2015.
             Was a Believer of Trog.
             Slain by an orc
             ... wielding a +0 mace
              (8 damage)
             ... on level 3 of the Dungeon.
             The game lasted 00:03:56 (2736 turns).

urechis the Sneak (Kobold Berserker)                Turns: 2736, Time: 00:03:56

Health: 0/32       AC:  2    Str: 15    XL:     5   Next: 15%
Magic:  5/5        EV: 15    Int:  5    God:    Trog [**....]
Gold:   103        SH:  0    Dex: 17    Spells: 0 memorised, 4 levels left

rFire  . . .     SeeInvis .     a - +0 short sword
rCold  + . .     Clarity  +     b - +0 animal skin
rNeg   . . .     SustAt   .     (shield restricted)
rPois  .         Gourm    .     (no helmet)
rElec  .         Spirit   .     (no cloak)
rCorr  .         Warding  .     (no gloves)
rMut   .         Stasis   .     (no boots)
MR     ++...                    o - amulet of clarity
Stlth  ++++......               (no ring)
                                p - ring of protection from cold

@: exhausted, regenerating, slowed, very slow, very resistant to hostile
enchantments, stealthy
A: carnivore 3
a: Burn Spellbooks, Berserk, Trog's Hand, Renounce Religion


You were on level 3 of the Dungeon.
You worshipped Trog.
Trog was pleased with you.
You were full.

You visited 1 branch of the dungeon, and saw 3 of its levels.

You collected 103 gold pieces.

Inventory:

Hand weapons
 a - a +0 short sword (weapon)
Missiles
 g - 2 throwing nets (quivered)
Armour
 b - a +0 animal skin (worn)
 s - a +0 buckler
Jewellery
 o - an amulet of clarity (around neck)
 p - a ring of protection from cold (left hand)
Magical devices
 t - a wand of frost (19)
Scrolls
 d - a scroll of enchant armour {unknown}
 f - a scroll of recharging {unknown}
 h - a scroll of identify {unknown}
 i - a scroll of blinking {unknown}
 j - a scroll of magic mapping {unknown}
 k - a scroll of enchant weapon {unknown}
 n - 3 scrolls of immolation {unknown}
 r - a scroll of remove curse {unknown}
 u - a scroll of fear {unknown}
Potions
 e - a potion of haste {unknown}
 l - a potion of agility {unknown}
 m - a potion of curing {unknown}
Comestibles
 c - a meat ration
 q - a slice of pizza


   Skills:
 - Level 3.2 Fighting
 - Level 4.0 Short Blades
 - Level 1.5 Armour
 - Level 2.4 Dodging
 + Level 6.3 Stealth


You had 4 spell levels left.
You didn't know any spells.

Dungeon Overview and Level Annotations

Branches:
Dungeon (3/15)

Altars:
Vehumet


Innate Abilities, Weirdness & Mutations

You are small and have problems with some larger weapons.
You are carnivorous and can eat meat at any time.


Message History

You barely miss the orc. The orc misses you. The orc barely misses you.
You puncture the orc!
You kill the orc!
Trog accepts your kill.
You are no longer berserk.
You are exhausted.
You feel as though you will be slow longer.
The orc throws a tomahawk.
The tomahawk hits you but does no damage.
Use which ability? (? or * to list)
Your skin crawls.
You feel resistant to hostile enchantments.
You feel slightly less full. The orc completely misses you.
The orc hits you with a mace.
* * * LOW HITPOINT WARNING * * *
You are too injured to fight recklessly!
You are too injured to fight recklessly!
You hit the orc but do no damage. The orc closely misses you.
The orc hits you with a mace!
You die...

#.##.
#####...##########
.........##...)..#
.........##......#
.....$...##......#
.........##......#
......)oo##......#
......)@.##......#
......†(.........#
.........#####'###
.........#####.#
###########....#
###...... #....#
.........
#....######
........
#..........
........
#....######


You could see 2 orcs.

Vanquished Creatures
  Jessica (D:3)
  3 adders (D:2)
  3 worms
  A giant gecko (D:2)
  3 orcs (D:3)
  2 ball pythons
  8 bats
  10 goblins
  2 hobgoblins (D:2)
  A jackal (D:1)
  2 kobolds (D:1)
  A quokka (D:2)
  A giant cockroach (D:1)
  2 giant newts
  8 rats
48 creatures vanquished.

Notes
Turn   | Place    | Note
--------------------------------------------------------------
     0 | D:1      | urechis the Kobold Berserker began the quest for the Orb.
     0 | D:1      | Reached XP level 1. HP: 14/14 MP: 1/1
   207 | D:1      | Reached skill level 1 in Stealth
   327 | D:1      | Reached XP level 2. HP: 19/19 MP: 2/2
   966 | D:1      | Reached XP level 3. HP: 19/23 MP: 3/3
  1071 | D:1      | Acquired Trog's second power
  1993 | D:2      | Reached XP level 4. HP: 25/28 MP: 4/4
  2100 | D:2      | Reached skill level 5 in Stealth
  2677 | D:3      | Found a radiant altar of Vehumet.
  2710 | D:3      | Noticed Jessica
  2727 | D:3      | Killed Jessica
  2727 | D:3      | Reached skill level 6 in Stealth
  2727 | D:3      | Reached XP level 5. HP: 20/32 MP: 5/5
  2736 | D:3      | Slain by an orc

Vault maps used:
D:1:      dpeg_arrival_brainrot, st_stairs_8
D:3:      first_bread, vehumet_altar_wand_db, uniq_jessica

Action                   |  1- 3 |  4- 6 || total
-------------------------+-------+-------++-------
Melee: Short sword       |   113 |    47 ||   160
Invok: Berserk           |     1 |     2 ||     3
       Trog's Hand       |       |     1 ||     1
 Stab: Sleeping          |     7 |     6 ||    13
  Eat: Chunk             |    11 |     3 ||    14
